[Event "*** SCC Grand Prix: Titled Tuesday Blitz"]
[Site "Chess.com"]
[Date "2020.09.08"]
[Round "7"]
[White "RamyresCoelho"]
[Black "VojtechPlat"]
[Result "0-1"]
[WhiteElo "1799"]
[BlackElo "2831"]
[TimeControl "180+1"]
[EndTime "11:16:45 PDT"]
[Termination "VojtechPlat won on time"]

1. e4 d6 2. d4 Nf6 3. Nc3 e5 4. dxe5 dxe5 5. Qxd8+ Kxd8 6. Nf3 Bd6 7. Bc4 Ke7 8. Bg5 c6 9. O-O-O Bc7 10. a4 Nd7 11.
Rd3 a5 12. Rhd1 Nc5 13. Re3 Be6 14. Bxe6 Nxe6 15. Bxf6+ Kxf6 16. g3 Ke7 17. Red3 Rhd8 18. Rxd8 Nxd8 19. Kd2 Ne6 20. Ke2 f6 21. h4 g6 22. Nb1 Bb6 23. b3 Bd4 24. Nxd4 Nxd4+ 25. Kd2 Rd8 26. Nc3 Nxb3+ 27. Ke1 Rxd1+ 28. Kxd1 Nc5 29. Kd2 Kd6 30. Ke3 Ne6 31. Nd1 b5 32. Nb2 Nc5 33. axb5 cxb5 34. f4 a4 35. Nd1 b4 36. Nb2 a3 37. Nc4+ Kc7 38. fxe5 fxe5 39. Nxe5 a2 0-1

[Event "*** SCC Grand Prix: Titled Tuesday Blitz"]
[Site "Chess.com"]
[Date "2020.09.08"]
[Round "7"]
[White "MFguimaraes"]
[Black "Elegance_Riks"]
[Result "0-1"]
[WhiteElo "2409"]
[BlackElo "2603"]
[TimeControl "180+1"]
[EndTime "11:16:46 PDT"]
[Termination "Elegance_Riks won by resignation"]

1. e4 c6 2. Bc4 d5 3. Bb3 e6 4.
Nc3 Nf6 5. e5 Nfd7 6. d4 c5 7.
Nf3 Nc6 8. Ba4 Qb6 9. Bxc6 bxc6 10. dxc5 Bxc5 11. O-O Ba6 12. Na4 Qb5 13. Nxc5 Nxc5 14.
Re1 Ne4 15. Nd2 Nxd2 16. Qxd2 O-O 17. a4 Qb6 18. Ra3 f6 19. Rg3 fxe5 20. Rxe5 Rf6 21.
Reg5 g6 22. Rf3 Rxf3 23. gxf3 Rf8 24. f4 Qc5 25. Qe3 Qxe3 26. Bxe3 Rf7 27. Re5 Bc8 28.
c4 Rb7 29. cxd5 cxd5 30. Bd4 Rb4 31. Bxa7 Rxa4 32. Re1 Rxa7 0-1

[Event "*** SCC Grand Prix: Titled Tuesday Blitz"]
[Site "Chess.com"]
[Date "2020.09.08"]
[Round "7"]
[White "Bhagya_2312"]
[Black "giantslayer83"]
[Result "0-1"]
[WhiteElo "2107"]
[BlackElo "2696"]
[TimeControl "180+1"]
[EndTime "11:16:48 PDT"]
[Termination "giantslayer83 won by resignation"]

1. e4 c6 2. d4 d5 3. e5 Bf5 4. Nf3 e6 5. Be2 h6 6. O-O c5 7. c4 Ne7 8. Nc3 dxc4 9. Bxc4 cxd4 10. Nxd4 Nbc6 11. Ndb5 Ng6 12. Nd6+ Bxd6 13. exd6 O-O 14.
Be3 Nge5 15. Bb3 Qa5 16. Na4 Rfd8 17. Nc5 Rab8 18. h3 b6 19. Na4 Bd3 20. Re1 Rxd6 21. Qc1 Bg6 22. Bf4 Nd3 23. Qd2 Qxd2 0-1

[Event "*** SCC Grand Prix: Titled Tuesday Blitz"]
[Site "Chess.com"]
[Date "2020.09.08"]
[Round "7"]
[White "anon481216"]
[Black "barbosean"]
[Result "1-0"]
[WhiteElo "2454"]
[BlackElo "2306"]
[TimeControl "180+1"]
[EndTime "11:16:51 PDT"]
[Termination "anon481216 won by resignation"]

1. d4 d5 2. c4 e6 3. Nf3 Be7 4. Nc3 Nf6 5. Bg5 h6 6. Bh4 Ne4 7. Bxe7 Qxe7 8. Rc1 O-O 9. e3 b6 10. cxd5 Nxc3 11. Rxc3 exd5 12. Qa4 c6 13. Be2 Bb7 14. O-O a5 15. Ne5 Rc8 16. Bg4 Rc7 17. Rfc1 c5 18.
Qb5 Qd6 19. Qe8+ Qf8 20. Qxf8+ Kxf8 21. dxc5 b5 22. c6 Bc8 23. Bxc8 Rxc8 24. c7 Na6 25. Nd7+ Ke7 26. Nb6 Nb4 27. Nxa8 Nxa2 28. Nb6 Nxc1 29. Rxc1 1-0

[Event "*** SCC Grand Prix: Titled Tuesday Blitz"]
[Site "Chess.com"]
[Date "2020.09.08"]
[Round "7"]
[White "lelya96"]
[Black "KetiGrant"]
[Result "0-1"]
[WhiteElo "2164"]
[BlackElo "2351"]
[TimeControl "180+1"]
[EndTime "11:16:52 PDT"]
[Termination "KetiGrant won by resignation"]

1. e4 c5 2. Nf3 Nc6 3. Bb5 g6 4. Bxc6 dxc6 5. d3 Bg7 6. O-O Nf6 7. Nc3 O-O 8. h3 b6 9. Be3 Ba6 10. Re1 c4 11. d4 b5 12. a3 Bb7 13. Qd2 a5 14. e5 Nd5 15. Bh6 Nxc3 16. bxc3 c5 17.
Rab1 cxd4 18. Bxg7 Kxg7 19. Nxd4 Qd5 20. f3 Ba6 21. Nf5+ gxf5 22. Qxd5 e6 23. Qc5 Rfc8 24.
Qe3 Kh8 25. Red1 Rg8 26. Rd7 Rg7 27. Rbd1 Rag8 28. Rd8 Rxg2+ 29. Kh1 Bb7 30. Rxg8+ Rxg8 31. Rd7 Bc6 32. Rxf7 Rg3 33. Qh6 Bxf3+ 34. Kh2 Rg2+ 35. Kh1 Rg6+ 36. Kh2 Rxh6 37. Rb7 Bxb7 0-1

[Event "*** SCC Grand Prix: Titled Tuesday Blitz"]
[Site "Chess.com"]
[Date "2020.09.08"]
[Round "7"]
[White "Bacyanide"]
[Black "Karina_Ivanova"]
[Result "1-0"]
[WhiteElo "2411"]
[BlackElo "2258"]
[TimeControl "180+1"]
[EndTime "11:16:53 PDT"]
[Termination "Bacyanide won on time"]

1. d4 Nf6 2. c4 e6 3. Nc3 Bb4 4. e3 c5 5. Bd2 cxd4 6. exd4 d5 7.
c5 O-O 8. a3 Bxc3 9. Bxc3 Ne4 10.
Rc1 e5 11. dxe5 Nc6 12. Nf3 Bg4 13. Be2 Nxc5 14. O-O Ne4 15. h3 Nxc3 16. Rxc3 Bxf3 17. Bxf3 Nxe5 18. Bxd5 Rb8 19. Qb3 b6 20. Re3 Qf6 21. Rfe1 Ng6 22. Rf3 Qd6 23. Rxf7 Rxf7 24. Bxf7+ Kh8 25.
Bxg6 Qxg6 26. Qe6 1-0

[Event "*** SCC Grand Prix: Titled Tuesday Blitz"]
[Site "Chess.com"]
[Date "2020.09.08"]
[Round "7"]
[White "ChelsieMonica"]
[Black "Carnivoras"]
[Result "0-1"]
[WhiteElo "2426"]
[BlackElo "2639"]
[TimeControl "180+1"]
[EndTime "11:16:58 PDT"]
[Termination "Carnivoras won by resignation"]

1. c4 e6 2. Nf3 d5 3. cxd5 exd5 4. g3 Nf6 5. Bg2 Bd6 6. O-O O-O 7. b3 Bf5 8. Bb2 Nbd7 9. d3 c6 10. Nbd2 Re8 11. Nh4 Bg4 12. Re1 a5 13. h3 Bh5 14.
Nf5 Bf8 15. g4 Bg6 16. e4 Ne5 17. d4 Nd3 18. Qc2 Nxe1 19. Rxe1 dxe4 20. Nxe4 Nxe4 21.
Rxe4 Bxf5 22. gxf5 Rxe4 23. Qxe4 Be7 24. Bc1 Bf6 25.
Be3 Qe7 26. Qg4 Rd8 27. Bf1 Qb4 28. Bc4 b5 29. Bf1 Bxd4 30. a3 Qd6 31. Bf4 Be5 32.
f6 g6 33. Be3 Bxf6 34. h4 Qe6 35. Qg3 Qxb3 36. h5 Qxa3 37. hxg6 hxg6 38. Qc7 Qd6 39. Qxa5 Bd4 0-1

[Event "*** SCC Grand Prix: Titled Tuesday Blitz"]
[Site "Chess.com"]
[Date "2020.09.08"]
[Round "7"]
[White "Matols"]
[Black "garicradomir"]
[Result "1-0"]
[WhiteElo "2273"]
[BlackElo "2358"]
[TimeControl "180+1"]
[EndTime "11:16:59 PDT"]
[Termination "Matols won by resignation"]

1. d4 Nf6 2. c4 Nc6 3. Nf3 e6 4.
e3 Bb4+ 5. Bd2 Qe7 6. Bd3 O-O 7. O-O Bxd2 8. Nbxd2 d6 9. a3 e5 10. Qc2 Re8 11.
d5 Nb8 12. e4 Nbd7 13. b4 Nf8 14.
c5 Nh5 15. Rfe1 Nf4 16. Bf1 Qf6 17. Rac1 Bg4 18. b5 Nh3+ 19. gxh3 Bxf3 20. Nxf3 Qxf3 21. Re3 Qf4 22. Bg2 Ng6 23. Rg3 b6 24. cxd6 cxd6 25. Qc7 h5 26. Rf3 Re7 27. Qc6 Qg5 28. Qxa8+ Kh7 29. Rc8 Nh4 30. Rg3 1-0

[Event "*** SCC Grand Prix: Titled Tuesday Blitz"]
[Site "Chess.com"]
[Date "2020.09.08"]
[Round "7"]
[White "IANOV0007"]
[Black "Barcelona_Guy"]
[Result "0-1"]
[WhiteElo "2420"]
[BlackElo "2637"]
[TimeControl "180+1"]
[EndTime "11:17:00 PDT"]
[Termination "Barcelona_Guy won by resignation"]

1. Nf3 Nf6 2. g3 g6 3. b3 Bg7 4. Bb2 O-O 5. Bg2 d6 6. d4 c6 7. O-O Nbd7 8. c4 Qa5 9. h3 e5 10. Nc3 e4 11. Ne1 d5 12. Nc2 Re8 13. Ne3 Nf8 14. cxd5 cxd5 15. a3 Be6 16. b4 Qd8 17.
Rc1 h5 18. Na4 b6 19. Nc3 N8h7 20. Nb5 Re7 21. Qa4 a6 22. Nc3 b5 23. Qb3 Qd7 24. Kh2 Bh6 25. Ncd1 h4 26. Rc5 hxg3+ 27. fxg3 Rd8 28.
Bc1 Bf8 29. Bd2 Ree8 30. Nf2 Bd6 31. Nh1 Kg7 32. Qc2 Rh8 33. Rc6 Ng5 34. h4 Rxh4+ 35. Kg1 Nh3+ 36. Bxh3 Rxh3 37. Kf2 Rdh8 0-1

[Event "*** SCC Grand Prix: Titled Tuesday Blitz"]
[Site "Chess.com"]
[Date "2020.09.08"]
[Round "7"]
[White "eightbyeightchess"]
[Black "diamonds13"]
[Result "1-0"]
[WhiteElo "2434"]
[BlackElo "2285"]
[TimeControl "180+1"]
[EndTime "11:17:00 PDT"]
[Termination "eightbyeightchess won by resignation"]

1. e4 c5 2. Nf3 Nc6 3. d4 cxd4 4. Nxd4 e5 5. Nb3 d6 6. Nc3 f5 7. exf5 Bxf5 8. Bc4 Nf6 9. O-O Be7 10. Bg5 Qd7 11.
Bxf6 gxf6 12. Nd5 h5 13. Qe2 Bg4 14. f3 Be6 15. Rad1 h4 16. h3 O-O-O 17. a4 Rdg8 18.
Nc5 dxc5 19. Nb6+ axb6 20. Rxd7 Bxd7 21. Bxg8 Rxg8 22. Kh1 Nd4 23. Qe4 Nf5 24. Qc4 Ng3+ 25.
Kg1 Rg7 26. Rd1 Bc6 27. Qxh4 Nf5 28. Qh8+ Kc7 29. Kf2 c4 30. g4 Bc5+ 31. Ke1 Bxf3 32. Qd8+ Kc6 33. Qc8+ Rc7 34. Qe8+ 1-0

[Event "*** SCC Grand Prix: Titled Tuesday Blitz"]
[Site "Chess.com"]
[Date "2020.09.08"]
[Round "7"]
[White "iLuusions"]
[Black "laboratorio25"]
[Result "1/2-1/2"]
[WhiteElo "2560"]
[BlackElo "2405"]
[TimeControl "180+1"]
[EndTime "11:17:01 PDT"]
[Termination "Game drawn by agreement"]

1. Nf3 d5 2. e3 Nf6 3. c4 dxc4 4. Bxc4 e6 5. O-O c5 6. b3 Nc6 7. Bb2 Be7 8. Nc3 O-O 9. d4 b6 10. d5 exd5 11. Nxd5 Nxd5 12. Bxd5 Bb7 13. e4 Bf6 14. e5 Nxe5 15. Bxb7 Nxf3+ 16. Qxf3 Bxb2 17. Rab1 Bd4 18. Bxa8 Qxa8 19. Qxa8 Rxa8 20. Rfe1 Kf8 21. Re2 a5 22. Rbe1 g6 23. Re7 a4 24. Rb7 axb3 25. axb3 Ra2 26.
Rf1 Rd2 27. Rxb6 Kg7 28. Rb8 h5 29. h4 Rb2 30. Rb5 Kf6 31. g3 Kf5 32. Kg2 Kf6 33.
Rb6+ Kg7 34. Kf3 c4 35. Rb4 Rxb3+ 36. Rxb3 cxb3 37. Ke4 Bf6 38. Kd3 b2 1/2-1/2

[Event "*** SCC Grand Prix: Titled Tuesday Blitz"]
[Site "Chess.com"]
[Date "2020.09.08"]
[Round "7"]
[White "Wilver92"]
[Black "glebus008"]
[Result "1-0"]
[WhiteElo "2401"]
[BlackElo "2161"]
[TimeControl "180+1"]
[EndTime "11:17:01 PDT"]
[Termination "Wilver92 won by checkmate"]

1. e4 d5 2. exd5 Nf6 3. Bb5+ Nbd7 4. c4 a6 5. Ba4 b5 6. cxb5 Nb6 7. bxa6+ Nxa4 8.
Qxa4+ Bd7 9. Qc4 g6 10. Nc3 Bg7 11. Nf3 O-O 12. O-O e6 13. d4 exd5 14. Qd3 Bf5 15. Qb5 Qd6 16. Qa5 Rxa6 17. Qc5 Qxc5 18. dxc5 c6 19. Nd4 Bd3 20. Rd1 Be4 21. f3 Bf5 22. Nxf5 gxf5 23. Bf4 Nd7 24. a3 Bxc3 25. bxc3 Rfa8 26.
Bd6 Rxa3 27. Rac1 R8a5 28. c4 Nxc5 29. cxd5 Nd3 30. dxc6 Nxc1 31. c7 Rc3 32. Be5 Rc2 33.
Rd8# 1-0

[Event "*** SCC Grand Prix: Titled Tuesday Blitz"]
[Site "Chess.com"]
[Date "2020.09.08"]
[Round "7"]
[White "Hikaru"]
[Black "GasconJR"]
[Result "1-0"]
[WhiteElo "3194"]
[BlackElo "2587"]
[TimeControl "180+1"]
[EndTime "11:17:03 PDT"]
[Termination "Hikaru won by resignation"]

1. Nf3 Nf6 2. b3 g6 3. Bb2 Bg7 4. d4 O-O 5. e3 d6 6. Be2 c5 7.
O-O cxd4 8. Nxd4 Nc6 9. c4 Bd7 10. Nc3 Nxd4 11. exd4 Rc8 12. Bf3 Bc6 13. d5 Bd7 14. Re1 Re8 15. Qd2 a6 16. h3 b5 17.
cxb5 axb5 18. Ne2 Qb6 19. Nd4 e5 20. dxe6 fxe6 21. Rad1 e5 22. Nc2 Rf8 23. Ne3 e4 24. Bxf6 exf3 25. Nd5 Qc5 26. Ne7+ Kh8 27. Bxg7+ Kxg7 28. Nxc8 Bxc8 29. Qxd6 Qg5 30. Qe7+ Qxe7 31. Rxe7+ Kf6 32.
Rxh7 fxg2 33. Kxg2 1-0

[Event "*** SCC Grand Prix: Titled Tuesday Blitz"]
[Site "Chess.com"]
[Date "2020.09.08"]
[Round "7"]
[White "allvim"]
[Black "paulrusan"]
[Result "0-1"]
[WhiteElo "2355"]
[BlackElo "2271"]
[TimeControl "180+1"]
[EndTime "11:17:05 PDT"]
[Termination "paulrusan won by resignation"]

1. e4 g6 2. d4 Bg7 3. Nc3 d6 4. Be3 a6 5. a4 Nc6 6. f3 e5 7.
d5 Nd4 8. Nge2 Nxe2 9. Bxe2 Nf6 10. Qd2 O-O 11. h4 Nh5 12. O-O-O b5 13. g4 Nf4 14. h5 Bd7 15. hxg6 hxg6 16. Bxf4 exf4 17. Qxf4 b4 18.
Qh2 Re8 19. Na2 Qf6 20. c3 Bxa4 21. Rd2 a5 22. Qh4 Qxh4 23. Rxh4 b3 24. Kb1 bxa2+ 25. Kxa2 Rab8 26. Bc4 Bb5 27. Bb3 a4 28. Bc2 Bc4+ 29. Ka1 a3 0-1

[Event "*** SCC Grand Prix: Titled Tuesday Blitz"]
[Site "Chess.com"]
[Date "2020.09.08"]
[Round "7"]
[White "kidagent"]
[Black "lucachess49"]
[Result "1-0"]
[WhiteElo "2294"]
[BlackElo "2421"]
[TimeControl "180+1"]
[EndTime "11:17:06 PDT"]
[Termination "kidagent won by resignation"]

1. e4 e5 2. Nf3 Nc6 3. Bb5 a6 4. Ba4 Nf6 5. O-O Be7 6. Re1 b5 7. Bb3 d6 8. d3 O-O 9. a4 Bg4 10. c3 Nd7 11. axb5 axb5 12. Rxa8 Qxa8 13. Nbd2 Nc5 14. Bc2 f5 15. exf5 b4 16. d4 exd4 17.
cxd4 Nxd4 18. Rxe7 b3 19. Be4 Nxe4 20. Rxe4 Nxf3+ 21. gxf3 Bxf5 22. Qxb3+ Kh8 23. Rf4 Qd8 24. Nf1 Qg5+ 25.
Ng3 g6 26. Qc3+ Kg8 27. Rxf5 1-0

[Event "*** SCC Grand Prix: Titled Tuesday Blitz"]
[Site "Chess.com"]
[Date "2020.09.08"]
[Round "7"]
[White "StellarChessPro"]
[Black "Hypercar"]
[Result "1-0"]
[WhiteElo "2277"]
[BlackElo "2399"]
[TimeControl "180+1"]
[EndTime "11:17:06 PDT"]
[Termination "StellarChessPro won by checkmate"]

1. d4 d5 2. c4 c6 3. cxd5 cxd5 4. Nf3 e6 5. Nc3 Nf6 6. Bf4 Be7 7. Rc1 O-O 8. e3 Nc6 9. Bd3 Nb4 10. Bb1 a6 11. a3 Nc6 12. Ne5 Nxe5 13. Bxe5 Nd7 14. Bf4 f5 15. g4 Kh8 16. gxf5 exf5 17. Nxd5 Qa5+ 18. Nc3 Nf6 19. Rg1 Be6 20. Be5 Rac8 21. Qd2 Ng4 22.
Bxg7+ Kxg7 23. h3 h5 24. hxg4 hxg4 25. e4 fxe4 26. d5 Bf5 27. d6 Bf6 28. d7 Rcd8 29. Rh1 Rh8 30. Rxh8 Rxh8 31. Qd6 Rh1+ 32. Kd2 Bg5+ 33.
Ke2 Rxc1 34. b4 Qxa3 35. Qe5+ Bf6 36. Qxf6+ Kxf6 37. d8=Q+ Kg6 38. Qg8+ Kf6 39. Qf8+ Ke6 40. Ba2+ Ke5 41. Qe7+ Kd4 42. Qd6+ Kxc3 43. Qd2# 1-0

[Event "*** SCC Grand Prix: Titled Tuesday Blitz"]
[Site "Chess.com"]
[Date "2020.09.08"]
[Round "7"]
[White "lider34"]
[Black "Roaccutane"]
[Result "0-1"]
[WhiteElo "2408"]
[BlackElo "2600"]
[TimeControl "180+1"]
[EndTime "11:17:11 PDT"]
[Termination "Roaccutane won by resignation"]

1. e4 d6 2. d4 Nf6 3. Nc3 g6 4. g3 Bg7 5. Bg2 O-O 6. h3 c6 7. a4 Nbd7 8. Nge2 Qc7 9. O-O e5 10. Be3 Re8 11. g4 h5 12. g5 Nh7 13. h4 Nhf8 14.
f4 exf4 15. Nxf4 Nb6 16. b3 Bg4 17. Qd2 Rad8 18. Rf2 d5 19. a5 Nc8 20. exd5 Nd6 21.
dxc6 bxc6 22. Bh3 Nf5 23. Bxg4 hxg4 24. Ng2 Nxe3 25. Nxe3 Qg3+ 26. Ng2 Bxd4 27. Rf1 Bxc3 28. Qf4 Qxf4 29. Rxf4 Rd7 30. Rxg4 Re2 31. Nf4 Rxc2 32. h5 Rdd2 33. hxg6 Bd4+ 0-1

[Event "*** SCC Grand Prix: Titled Tuesday Blitz"]
[Site "Chess.com"]
[Date "2020.09.08"]
[Round "7"]
[White "francyIM"]
[Black "2nd_life"]
[Result "1-0"]
[WhiteElo "2712"]
[BlackElo "2537"]
[TimeControl "180+1"]
[EndTime "11:17:12 PDT"]
[Termination "francyIM won by resignation"]

1. d4 Nf6 2. c4 e6 3. Nc3 Bb4 4. g3 d5 5. Bg2 O-O 6. Nf3 b6 7. O-O Bb7 8. cxd5 exd5 9. Ne5 c5 10. a3 cxd4 11. Qxd4 Bc5 12. Qd1 Nbd7 13. Nd3 Bd6 14.
Nf4 Bxf4 15. Bxf4 Nc5 16. Be5 Nfe4 17. Rc1 Re8 18. Bd4 Ne6 19. Nxe4 dxe4 20. Be3 Qf6 21. Qb3 Qe5 22. Rc3 Rac8 23. Qa4 Rxc3 24. Qxe8+ 1-0

[Event "*** SCC Grand Prix: Titled Tuesday Blitz"]
[Site "Chess.com"]
[Date "2020.09.08"]
[Round "7"]
[White "larisakalinina"]
[Black "Jojo_1608"]
[Result "0-1"]
[WhiteElo "1909"]
[BlackElo "2189"]
[TimeControl "180+1"]
[EndTime "11:17:12 PDT"]
[Termination "Jojo_1608 won on time"]

1. e4 c5 2. Nf3 d6 3. d4 cxd4 4. Nxd4 Nf6 5. Nc3 a6 6. Be3 e5 7. Nb3 Be6 8. Be2 Nbd7 9. O-O Be7 10. f3 O-O 11. Qd2 b5 12. Rad1 Rc8 13. Nd5 Bxd5 14. exd5 Nb6 15. Bxb6 Qxb6+ 16. Kh1 Rc7 17. c3 a5 18. f4 exf4 19. Qxf4 h6 20. Qf5 Qe3 21. Bd3 Qg5 22. Qf3 Qxd5 23. Bh7+ Kxh7 24. Rxd5 Nxd5 25. Qxd5 a4 26. Nd4 Rc5 27. Qb7 Bf6 0-1

[Event "*** SCC Grand Prix: Titled Tuesday Blitz"]
[Site "Chess.com"]
[Date "2020.09.08"]
[Round "7"]
[White "Alindsay211"]
[Black "Sacbutt"]
[Result "0-1"]
[WhiteElo "2292"]
[BlackElo "2223"]
[TimeControl "180+1"]
[EndTime "11:17:13 PDT"]
[Termination "Sacbutt won by resignation"]

1. d4 e5 2. e4 exd4 3. Nf3 d5 4.
exd5 Qxd5 5. Qxd4 Qxd4 6. Nxd4 c6 7. Bd3 Bc5 8. Nb3 Bb4+ 9. Bd2 Bxd2+ 10. Kxd2 Nf6 11.
Re1+ Be6 12. Nc5 O-O 13. Nxe6 fxe6 14. Rxe6 Nbd7 15. Re1 Nc5 16. b4 Nxd3 17. cxd3 Nd5 18. a3 Rxf2+ 19. Re2 Raf8 20. g3 h5 21. Ke1 Rf1+ 22.
Kd2 R8f2 23. a4 Rxe2+ 24. Kxe2 Rh1 25. Kd2 Rxh2+ 26. Kc1 Nxb4 27. Na3 Rh1+ 28. Kb2 Nxd3+ 29. Ka2 Rxa1+ 30. Kxa1 g5 0-1

[Event "*** SCC Grand Prix: Titled Tuesday Blitz"]
[Site "Chess.com"]
[Date "2020.09.08"]
[Round "7"]
[White "GigaQuparadze"]
[Black "Sven_Tica"]
[Result "1-0"]
[WhiteElo "2909"]
[BlackElo "2701"]
[TimeControl "180+1"]
[EndTime "11:17:14 PDT"]
[Termination "GigaQuparadze won by resignation"]

1. e4 c6 2. d4 d5 3. Nc3 dxe4 4. Nxe4 Nf6 5. Nxf6+ exf6 6. c3 Bd6 7. Bd3 O-O 8.
Qc2 Re8+ 9. Ne2 h5 10. O-O h4 11. h3 Nd7 12. c4 Nf8 13. Be3 Be6 14. Rad1 Qd7 15.
Nf4 Bxf4 16. Bxf4 g5 17. Bh2 Kg7 18. Qc3 Bf5 19. d5 cxd5 20. Bxf5 Qxf5 21. Rxd5 Qe6 22. Rxg5+ Ng6 23. Rd5 Rac8 24. Qd4 Qe2 25. Rd6 Rxc4 26. Qxf6+ Kg8 27. Rdd1 Rce4 28. Bd6 R4e6 29. Qc3 Rd8 30. Qc7 Ree8 31. Rb1 Qa6 32. Bb4 Qxa2 33. Bc3 Qd5 34. Rfe1 Qg5 35. Qxb7 a5 36. Qf3 a4 37. Bf6 Rxe1+ 38.
Rxe1 Qa5 39. Bc3 Qa6 40. Qh5 a3 41. Qh6 1-0

[Event "*** SCC Grand Prix: Titled Tuesday Blitz"]
[Site "Chess.com"]
[Date "2020.09.08"]
[Round "7"]
[White "Sn00pPawn"]
[Black "Resignify"]
[Result "0-1"]
[WhiteElo "2013"]
[BlackElo "2224"]
[TimeControl "180+1"]
[EndTime "11:17:14 PDT"]
[Termination "Resignify won on time"]

1. e4 c5 2. Nf3 Nc6 3. d4 cxd4 4. Nxd4 Nf6 5. Nc3 e5 6. Ndb5 d6 7. Bg5 a6 8. Na3 Be7 9. Bxf6 Bxf6 10. Nd5 b5 11. c3 Bg5 12. Nc2 O-O 13. h4 Bh6 14. a4 bxa4 15. Rxa4 a5 16. Bd3 Rb8 17. b4 axb4 18. cxb4 Be6 19. g4 f6 20. Bc4 Kh8 21. Qb1 Bxg4 22. Rg1 Bf3 0-1

[Event "*** SCC Grand Prix: Titled Tuesday Blitz"]
[Site "Chess.com"]
[Date "2020.09.08"]
[Round "7"]
[White "jamik13"]
[Black "evgenyermolaev"]
[Result "1-0"]
[WhiteElo "2233"]
[BlackElo "2432"]
[TimeControl "180+1"]
[EndTime "11:17:15 PDT"]
[Termination "jamik13 won by resignation"]

1. d4 Nf6 2. Nc3 c5 3. dxc5 Na6 4. e4 Nxc5 5. e5 Nfe4 6. Nxe4 Nxe4 7. Qd4 d5 8. f3 Qa5+ 9. c3 Nc5 10. b4 Qc7 11. bxc5 e6 12. Bb5+ Kd8 13. Bg5+ Be7 14. Bxe7+ Kxe7 15. Ne2 f6 16. f4 Qa5 17. Qb4 Qc7 18. O-O Rd8 19. Nd4 Kf7 20. Rae1 b6 21. Nc6 Re8 22. exf6 gxf6 23. Ne5+ fxe5 24. fxe5+ Ke7 25.
cxb6+ 1-0

[Event "*** SCC Grand Prix: Titled Tuesday Blitz"]
[Site "Chess.com"]
[Date "2020.09.08"]
[Round "7"]
[White "Shuvalov"]
[Black "nau64"]
[Result "1/2-1/2"]
[WhiteElo "2442"]
[BlackElo "2306"]
[TimeControl "180+1"]
[EndTime "11:17:15 PDT"]
[Termination "Game drawn by repetition"]

1. Nf3 Nf6 2. c4 g6 3. Nc3 d5 4.
d4 Bg7 5. h4 h6 6. cxd5 Nxd5 7. e4 Nxc3 8. bxc3 c5 9. Be3 Bg4 10.
Rc1 Qa5 11. Qd2 Bxf3 12. gxf3 cxd4 13. cxd4 Qxd2+ 14. Kxd2 Nc6 15. d5 Rd8 16. Bb5 O-O 17. Bxc6 bxc6 18. Rxc6 e6 19. Bxa7 exd5 20. Ke2 dxe4 21.
fxe4 Rfe8 22. f3 Ra8 23. Rc7 Re6 24. Rb1 Be5 25. Rd7 Ra6 26. Rbb7 Rxa2+ 27. Kd3 Ra3+ 28. Ke2 Ra2+ 29. Kf1 Ra1+ 30. Kg2 Ra2+ 31. Bf2 Rf8 32. Kf1 Ra1+ 33. Kg2 Ra2 34. Kf1 Ra1+ 35. Kg2 Ra2 1/2-1/2

[Event "*** SCC Grand Prix: Titled Tuesday Blitz"]
[Site "Chess.com"]
[Date "2020.09.08"]
[Round "7"]
[White "TrickyFortem"]
[Black "champ1000"]
[Result "1-0"]
[WhiteElo "2447"]
[BlackElo "2289"]
[TimeControl "180+1"]
[EndTime "11:17:15 PDT"]
[Termination "TrickyFortem won by resignation"]

1. d4 Nf6 2. c4 e6 3. Nc3 Bb4 4.
Qc2 O-O 5. Nf3 c5 6. e3 d5 7. cxd5 cxd4 8. Nxd4 Nxd5 9. Bd2 b6 10. Bd3 h6 11.
O-O Bb7 12. Nxd5 Bxd2 13. Nc7 Bb4 14. Nxa8 Bxa8 15. Be4 Nd7 16. Rfd1 Bc5 17. Bxa8 Qxa8 18. Nxe6 fxe6 19. Rxd7 Qe8 20. Rad1 Qh5 21. Qe4 Kh8 22.
b4 Be7 23. Qxe6 Bh4 24. g3 Qf3 25. R7d2 Bg5 26. Qd5 Qf6 27. Kg2 h5 28. h4 Bh6 29.
Qxh5 1-0

[Event "*** SCC Grand Prix: Titled Tuesday Blitz"]
[Site "Chess.com"]
[Date "2020.09.08"]
[Round "7"]
[White "enriquebutti"]
[Black "chigorin28"]
[Result "1-0"]
[WhiteElo "1857"]
[BlackElo "2423"]
[TimeControl "180+1"]
[EndTime "11:17:17 PDT"]
[Termination "enriquebutti won by resignation"]

1. d4 Nf6 2. Nf3 e6 3. e3 b6 4. Bd3 Bb7 5. O-O Be7 6. b3 O-O 7. Bb2 d5 8. c4 c5 9. Nbd2 cxd4 10. exd4 Nc6 11. a3 Rc8 12. Re1 Bd6 13. Nf1 dxc4 14. bxc4 Na5 15. Ne3 Bf4 16. Ne5 Bxe5 17. dxe5 Ne4 18. Qc2 f5 19. exf6 Nxf6 20. Rad1 Qe7 21.
Nf5 Qc7 22. Be5 Qc6 23. Ne7+ Kh8 24. Nxc6 Bxc6 25. Bxf6 Rxf6 26. Bxh7 Rcf8 27. f3 Rf4 28. Be4 R4f6 29. Rd6 Bxe4 30. Qxe4 Rf4 31. Qxe6 Nxc4 32.
Rd7 b5 33. Qg6 1-0

[Event "*** SCC Grand Prix: Titled Tuesday Blitz"]
[Site "Chess.com"]
[Date "2020.09.08"]
[Round "7"]
[White "Kaslask"]
[Black "Bulatova_Kamaliya"]
[Result "1-0"]
[WhiteElo "2293"]
[BlackElo "2147"]
[TimeControl "180+1"]
[EndTime "11:17:18 PDT"]
[Termination "Kaslask won by resignation"]

1. d4 b6 2. Nf3 Bb7 3. g3 g6 4. Bg2 Bg7 5. O-O d6 6. c3 Nd7 7. Nbd2 e6 8. a4 a6 9. e4 Ne7 10. Re1 O-O 11. Nc4 h6 12. h4 Nf6 13. e5 Nfd5 14. exd6 cxd6 15. Nfd2 Rc8 16. a5 b5 17. Nb6 Rc7 18. Ne4 Nxb6 19. axb6 Rc8 20. Nf6+ Bxf6 21. Bxb7 Rb8 22. Bg2 Qxb6 23. Bxh6 Rfc8 24. Be3 Nd5 25.
Bxd5 exd5 26. Qf3 Bg7 27. Qxd5 a5 28. Bf4 Rd8 29. Re7 Rf8 30. Qxd6 Qxd6 31. Bxd6 Ra8 32.
Be5 Bh6 33. Bc7 a4 34. d5 Rfe8 35. Rxe8+ Rxe8 36. d6 Re2 37. d7 Rd2 38. d8=Q+ 1-0

[Event "*** SCC Grand Prix: Titled Tuesday Blitz"]
[Site "Chess.com"]
[Date "2020.09.08"]
[Round "7"]
[White "CHESSMASTER759"]
[Black "PawnEatingZombie"]
[Result "1-0"]
[WhiteElo "2616"]
[BlackElo "2189"]
[TimeControl "180+1"]
[EndTime "11:17:19 PDT"]
[Termination "CHESSMASTER759 won on time"]

1. e4 c6 2. d4 d5 3. exd5 cxd5 4. c4 Nf6 5. Nc3 g6 6. cxd5 Bg7 7. Bc4 Nbd7 8.
Nge2 Nb6 9. Bb3 Nfxd5 10. O-O O-O 11. Re1 Be6 12. Bg5 Rc8 13. Ne4 Nc4 14. Nc5 b6 15. Nxe6 fxe6 16. Rb1 b5 17. Qd3 Qd6 18. a3 a6 19. h3 Qd7 20. Ng3 Kh8 21. Ne4 Nf4 22. Bxf4 Rxf4 23. Qg3 Rcf8 24. Bxc4 bxc4 25. Nc5 Qxd4 26.
Nxe6 Qxf2+ 27. Qxf2 Rxf2 28. Nxf8 Rxf8 29. Rxe7 Rb8 30.
Rc7 Bd4+ 31. Kh1 c3 32. b4 Re8 33. Rd1 Bf6 34. g3 1-0

[Event "*** SCC Grand Prix: Titled Tuesday Blitz"]
[Site "Chess.com"]
[Date "2020.09.08"]
[Round "7"]
[White "Roza_Idrisova"]
[Black "alejogarcia1999"]
[Result "0-1"]
[WhiteElo "2155"]
[BlackElo "2362"]
[TimeControl "180+1"]
[EndTime "11:17:20 PDT"]
[Termination "alejogarcia1999 won by resignation"]

1. d4 Nf6 2. Nf3 g6 3. c4 Bg7 4. Nc3 d6 5. e4 O-O 6. Be2 e5 7. O-O exd4 8. Nxd4 Re8 9. f3 c6 10. Be3 d5 11. cxd5 Nxd5 12. Nxd5 cxd5 13. e5 Bxe5 14. Bf2 Nc6 15. Nxc6 bxc6 16. Rc1 Bd7 17. Re1 Bxb2 18. Rc2 Bg7 19. Bd4 Bxd4+ 20. Qxd4 Qb6 21. Qf2 Re7 22.
Rec1 Rae8 23. Bf1 Re1 24. Rxe1 Rxe1 25. Rb2 Qxf2+ 26. Kxf2 Ra1 27. Bd3 c5 28. Ke3 Kf8 29.
Rb7 Be6 30. Rxa7 Rxa2 31. Rxa2 d4+ 32. Ke4 Bxa2 33. Ke5 Ke7 34. Be4 f6+ 35. Kf4 Kd6 36. h4 Bf7 37. g4 c4 38. g5 f5 39. Bb1 d3 40. Ke3 Ke5 41. f4+ Kd5 42. Ba2 Kc5 43. Bb1 Kb4 44. Kd4 d2 45. Bc2 c3 0-1